[ PARTIDA AOE2 · #495342661 ]
UnrankedHunos vs Jurchens
Equipo del jugador · VICT
Equipo rival · DERR
[ ANÁLISIS DE REPETICIÓN · EXTRAÍDO DE LA PARTIDA GRABADA ]
Feudal
9:41
Castillos
22:04
Imperial
40:44
| APM promedio | 53.7 |
| APM pico | 92 |
| eAPM promedio | 25.8 |
| Aldeanos / militares | 148 / 314 |
Foco
⚔️ 46.4% · 🌾 53.6%
Skirmisher ×102 · Cavalry Archer ×91 · Tarkan ×72 · Battering Ram ×16 · Archer ×13 · Scorpion ×7
Feudal
8:55
Castillos
22:15
Imperial
39:30
| APM promedio | 82.2 |
| APM pico | 144 |
| eAPM promedio | 51.4 |
| Aldeanos / militares | 184 / 184 |
Foco
⚔️ 70.7% · 🌾 29.3%
Cavalry Archer ×112 · Fire Lancer ×36 · Iron Pagoda ×10 · Skirmisher ×8 · Scout Cavalry ×8 · Monk ×6
Mapa de la partida
Recursos iniciales + cada clic de construcción. Líneas = muros · curvas = relieve. ◆ oro · ⬟ piedra · ● bayas · ✦ reliquia · ◌ hueco del cierre
Tu base· Abierta — el rival se encerró
Base de twitch.tv/RaiDAoE· ✓ Cerrada en 22:15 · 56t muro · sin puerta
Terreno inicial suavizado · ◌ = hueco del cierre detectado · pasá el cursor para detalles
Inputs por minuto
— buddybadi - - twitch.tv/RaiDAoE
Build order — buddybadi
Primeras 150 de 483 acciones detectadas
| 0:01 | Crear | Villager (Male) |
| 0:01 | Crear | Villager (Male) |
| 0:02 | Crear | Villager (Male) |
| 0:02 | Crear | Villager (Male) |
| 1:27 | Crear | Villager (Male) |
| 1:51 | Construir | Lumber Camp |
| 1:54 | Crear | Villager (Male) |
| 2:22 | Crear | Villager (Male) |
| 2:51 | Crear | Villager (Male) |
| 2:52 | Crear | Villager (Male) |
| 3:29 | Crear | Villager (Male) |
| 4:04 | Crear | Villager (Male) |
| 4:19 | Crear | Villager (Male) |
| 4:48 | Crear | Villager (Male) |
| 5:19 | Crear | Villager (Male) |
| 5:34 | Construir | Barracks |
| 5:39 | Crear | Villager (Male) |
| 6:12 | Investigar | Loom |
| 6:32 | Crear | Villager (Male) |
| 7:02 | Crear | Villager (Male) |
| 7:11 | Construir | Mill |
| 7:21 | Investigar | Feudal Age |
| 7:40 | Construir | Mining Camp |
| 7:54 | Crear | Militia |
| 8:19 | Crear | Militia |
| 8:28 | Crear | Militia |
| 9:13 | Crear | Villager (Male) |
| 9:41 | Edad | Edad Feudal |
| 9:49 | Investigar | Man-at-Arms (upgrade) |
| 9:49 | Investigar | Man-at-Arms (upgrade) |
| 10:06 | Crear | Villager (Male) |
| 10:15 | Construir | Archery Range |
| 10:22 | Crear | Spearman |
| 10:35 | Crear | Villager (Male) |
| 10:40 | Construir | Farm |
| 10:41 | Construir | Farm |
| 10:41 | Construir | Farm |
| 10:49 | Crear | Villager (Male) |
| 10:54 | Crear | Spearman |
| 11:07 | Construir | Farm |
| 11:15 | Investigar | Arson |
| 11:26 | Crear | Villager (Male) |
| 11:30 | Construir | Farm |
| 11:45 | Crear | Villager (Male) |
| 11:56 | Crear | Spearman |
| 12:03 | Crear | Villager (Male) |
| 12:05 | Construir | Farm |
| 12:28 | Crear | Villager (Male) |
| 12:37 | Construir | Farm |
| 12:38 | Crear | Archer |
| 13:07 | Crear | Villager (Male) |
| 13:34 | Crear | Villager (Male) |
| 13:46 | Crear | Archer |
| 13:48 | Crear | Villager (Male) |
| 13:49 | Construir | Farm |
| 13:51 | Construir | Farm |
| 13:52 | Construir | Farm |
| 13:53 | Investigar | Double-Bit Axe |
| 14:12 | Crear | Villager (Male) |
| 14:18 | Crear | Archer |
| 14:33 | Crear | Villager (Male) |
| 14:45 | Crear | Archer |
| 14:55 | Construir | Blacksmith |
| 15:02 | Crear | Archer |
| 15:10 | Construir | Palisade Wall |
| 15:14 | Crear | Villager (Male) |
| 15:26 | Construir | Palisade Wall |
| 15:29 | Construir | Palisade Wall |
| 15:38 | Crear | Villager (Male) |
| 15:43 | Investigar | Fletching |
| 15:46 | Crear | Archer |
| 15:48 | Construir | Palisade Wall |
| 16:12 | Crear | Villager (Male) |
| 16:18 | Crear | Archer |
| 16:32 | Construir | Palisade Wall |
| 16:39 | Crear | Villager (Male) |
| 16:54 | Construir | Stable |
| 17:13 | Crear | Archer |
| 17:14 | Crear | Villager (Male) |
| 17:32 | Crear | Scout Cavalry |
| 17:35 | Crear | Villager (Male) |
| 17:45 | Construir | Lumber Camp |
| 18:03 | Crear | Archer |
| 18:08 | Crear | Scout Cavalry |
| 18:17 | Crear | Villager (Male) |
| 18:19 | Construir | Farm |
| 18:38 | Crear | Archer |
| 18:43 | Crear | Villager (Male) |
| 18:52 | Construir | Farm |
| 19:13 | Crear | Villager (Male) |
| 19:17 | Crear | Archer |
| 19:24 | Investigar | Castle Age |
| 19:42 | Construir | Archery Range |
| 19:45 | Construir | Archery Range |
| 19:49 | Crear | Archer |
| 19:51 | Crear | Scout Cavalry |
| 20:17 | Construir | Farm |
| 20:18 | Construir | Farm |
| 20:23 | Crear | Archer |
| 20:39 | Construir | Farm |
| 20:48 | Construir | Farm |
| 20:48 | Construir | Farm |
| 21:10 | Investigar | Bloodlines |
| 21:15 | Construir | Farm |
| 21:41 | Crear | Villager (Male) |
| 21:45 | Construir | Farm |
| 21:47 | Investigar | Horse Collar |
| 22:04 | Edad | Edad de los Castillos |
| 22:06 | Crear | Cavalry Archer |
| 22:06 | Crear | Cavalry Archer |
| 22:07 | Crear | Cavalry Archer |
| 22:10 | Crear | Villager (Male) |
| 22:20 | Construir | Town Center |
| 22:37 | Investigar | Bodkin Arrow |
| 22:37 | Crear | Cavalry Archer |
| 22:49 | Crear | Villager (Male) |
| 22:52 | Crear | Cavalry Archer |
| 23:10 | Crear | Villager (Male) |
| 23:20 | Crear | Cavalry Archer |
| 23:24 | Crear | Villager (Male) |
| 23:36 | Crear | Villager (Male) |
| 23:41 | Crear | Cavalry Archer |
| 23:43 | Construir | Monastery |
| 23:49 | Crear | Villager (Male) |
| 23:49 | Crear | Villager (Male) |
| 24:01 | Crear | Cavalry Archer |
| 24:08 | Construir | Farm |
| 24:09 | Construir | Farm |
| 24:10 | Construir | Farm |
| 24:13 | Crear | Cavalry Archer |
| 24:20 | Crear | Villager (Male) |
| 24:21 | Crear | Villager (Male) |
| 24:34 | Crear | Monk |
| 24:48 | Crear | Villager (Male) |
| 24:49 | Crear | Villager (Male) |
| 25:00 | Crear | Cavalry Archer |
| 25:04 | Crear | Cavalry Archer |
| 25:06 | Crear | Villager (Male) |
| 25:06 | Crear | Villager (Male) |
| 25:11 | Construir | Town Center |
| 25:25 | Crear | Cavalry Archer |
| 25:25 | Crear | Cavalry Archer |
| 25:28 | Crear | Villager (Male) |
| 25:34 | Crear | Villager (Male) |
| 25:53 | Crear | Villager (Male) |
| 25:53 | Crear | Villager (Male) |
| 26:02 | Crear | Villager (Male) |
| 26:17 | Crear | Villager (Male) |
| 26:18 | Crear | Villager (Male) |
| 26:31 | Crear | Villager (Male) |
Build order — twitch.tv/RaiDAoE
Primeras 150 de 535 acciones detectadas
| 0:01 | Crear | Villager (Male) ×4 |
| 0:02 | Construir | House |
| 0:02 | Construir | House |
| 1:28 | Crear | Villager (Male) |
| 1:28 | Crear | Villager (Male) |
| 1:51 | Crear | Villager (Male) |
| 2:02 | Construir | Lumber Camp |
| 2:07 | Crear | Villager (Male) |
| 2:33 | Crear | Villager (Male) |
| 3:02 | Crear | Villager (Male) |
| 3:36 | Crear | Villager (Male) |
| 3:36 | Crear | Villager (Male) |
| 3:52 | Construir | House |
| 4:04 | Crear | Villager (Male) |
| 4:04 | Crear | Villager (Male) |
| 4:21 | Crear | Villager (Male) |
| 4:34 | Construir | Mill |
| 4:51 | Crear | Villager (Male) |
| 4:51 | Crear | Villager (Male) |
| 5:21 | Crear | Villager (Male) |
| 5:45 | Crear | Villager (Male) |
| 5:58 | Construir | House |
| 6:05 | Investigar | Loom |
| 6:39 | Construir | Palisade Wall |
| 6:45 | Investigar | Feudal Age |
| 6:46 | Investigar | Feudal Age |
| 7:39 | Construir | House |
| 7:59 | Construir | Barracks |
| 8:09 | Crear | Villager (Male) |
| 8:39 | Crear | Villager (Male) |
| 8:55 | Edad | Edad Feudal |
| 9:05 | Construir | Stable |
| 9:12 | Crear | Villager (Male) |
| 9:19 | Investigar | Double-Bit Axe |
| 9:19 | Investigar | Double-Bit Axe |
| 9:36 | Construir | Palisade Wall |
| 9:50 | Crear | Scout Cavalry |
| 9:59 | Crear | Villager (Male) |
| 9:59 | Crear | Villager (Male) |
| 10:00 | Crear | Villager (Male) |
| 10:00 | Crear | Villager (Male) |
| 10:09 | Crear | Scout Cavalry |
| 10:11 | Construir | Palisade Wall |
| 10:12 | Construir | Palisade Wall |
| 10:25 | Construir | Farm |
| 10:26 | Construir | Farm |
| 10:26 | Construir | Farm |
| 10:37 | Construir | House |
| 10:58 | Crear | Scout Cavalry |
| 11:01 | Crear | Villager (Male) |
| 11:09 | Construir | Palisade Wall |
| 11:10 | Construir | Palisade Wall |
| 11:11 | Construir | Palisade Wall |
| 11:17 | Construir | Archery Range |
| 11:20 | Crear | Villager (Male) |
| 11:34 | Crear | Villager (Male) |
| 11:37 | Construir | Farm |
| 11:55 | Construir | Farm |
| 11:59 | Crear | Skirmisher |
| 12:06 | Construir | Farm |
| 12:10 | Crear | Skirmisher |
| 12:12 | Crear | Villager (Male) |
| 12:41 | Crear | Skirmisher |
| 12:43 | Crear | Villager (Male) |
| 12:45 | Construir | Farm |
| 12:46 | Construir | Farm |
| 13:04 | Crear | Skirmisher |
| 13:28 | Crear | Skirmisher |
| 13:29 | Crear | Villager (Male) |
| 13:30 | Crear | Villager (Male) |
| 13:40 | Construir | Farm |
| 13:44 | Construir | House |
| 14:05 | Crear | Villager (Male) |
| 14:20 | Construir | Blacksmith |
| 14:23 | Crear | Scout Cavalry |
| 14:37 | Construir | Mill |
| 14:39 | Crear | Villager (Male) |
| 14:43 | Crear | Skirmisher |
| 14:49 | Construir | Palisade Wall |
| 14:57 | Crear | Villager (Male) |
| 15:05 | Investigar | Fletching |
| 15:06 | Crear | Villager (Male) |
| 15:07 | Construir | Farm |
| 15:28 | Crear | Villager (Male) |
| 15:37 | Investigar | Padded Archer Armor |
| 15:38 | Crear | Skirmisher |
| 15:45 | Crear | Villager (Male) |
| 15:47 | Construir | Farm |
| 15:47 | Construir | Farm |
| 15:49 | Crear | Villager (Male) |
| 15:53 | Construir | House |
| 16:11 | Crear | Villager (Male) |
| 16:27 | Crear | Villager (Male) |
| 16:29 | Construir | Mining Camp |
| 16:34 | Construir | Palisade Wall |
| 16:37 | Construir | Palisade Wall |
| 16:40 | Construir | Palisade Wall |
| 17:05 | Construir | Farm |
| 17:06 | Crear | Villager (Male) |
| 17:19 | Construir | Palisade Wall |
| 17:29 | Construir | House |
| 17:59 | Construir | House |
| 17:59 | Construir | House |
| 18:08 | Crear | Villager (Male) |
| 18:09 | Crear | Scout Cavalry |
| 18:32 | Crear | Villager (Male) |
| 18:34 | Construir | House |
| 18:34 | Construir | House |
| 18:41 | Crear | Scout Cavalry |
| 18:48 | Construir | Farm |
| 18:49 | Construir | Farm |
| 19:23 | Construir | Farm |
| 19:24 | Construir | Lumber Camp |
| 19:35 | Investigar | Castle Age |
| 19:35 | Investigar | Castle Age |
| 19:42 | Construir | House |
| 19:43 | Construir | House |
| 19:55 | Construir | House |
| 19:55 | Construir | House |
| 20:11 | Crear | Scout Cavalry |
| 20:31 | Investigar | Horse Collar |
| 20:37 | Crear | Scout Cavalry |
| 20:58 | Construir | Archery Range |
| 21:15 | Crear | Skirmisher |
| 22:07 | Construir | Farm |
| 22:15 | Edad | Edad de los Castillos |
| 22:16 | Crear | Cavalry Archer |
| 22:17 | Crear | Cavalry Archer |
| 22:18 | Crear | Villager (Male) |
| 22:27 | Crear | Villager (Male) |
| 22:35 | Construir | Town Center |
| 22:42 | Crear | Cavalry Archer |
| 22:43 | Crear | Cavalry Archer |
| 22:44 | Investigar | Husbandry |
| 22:44 | Crear | Villager (Male) |
| 22:48 | Investigar | Bow Saw |
| 22:48 | Investigar | Bow Saw |
| 22:54 | Investigar | Bodkin Arrow |
| 23:09 | Construir | House |
| 23:09 | Construir | House |
| 23:10 | Crear | Villager (Male) |
| 23:19 | Crear | Villager (Male) |
| 23:22 | Construir | Town Center |
| 23:30 | Crear | Cavalry Archer |
| 23:31 | Crear | Cavalry Archer |
| 23:36 | Crear | Villager (Male) |
| 23:40 | Crear | Villager (Male) |
| 23:42 | Investigar | Town Watch |
| 23:48 | Construir | House |
| 23:50 | Construir | House |
Cronología de la partida
| 5:34 | buddybadi · first_building Barracks |
| 6:39 | twitch.tv/RaiDAoE · wall_segment Palisade Wall x5 |
| 7:59 | twitch.tv/RaiDAoE · first_building Barracks |
| 8:55 | twitch.tv/RaiDAoE · age_up feudal |
| 9:05 | twitch.tv/RaiDAoE · first_building Stable |
| 9:36 | twitch.tv/RaiDAoE · wall_segment Palisade Wall x9 |
| 9:41 | buddybadi · age_up feudal |
| 10:11 | twitch.tv/RaiDAoE · wall_segment Palisade Wall x3 |
| 10:12 | twitch.tv/RaiDAoE · wall_segment Palisade Wall x1 |
| 10:15 | buddybadi · first_building Archery Range |
| 11:09 | twitch.tv/RaiDAoE · wall_segment Palisade Wall x1 |
| 11:10 | twitch.tv/RaiDAoE · wall_segment Palisade Wall x1 |
| 11:11 | twitch.tv/RaiDAoE · wall_segment Palisade Wall x1 |
| 11:17 | twitch.tv/RaiDAoE · first_building Archery Range |
| 14:49 | twitch.tv/RaiDAoE · wall_segment Palisade Wall x17 |
| 15:10 | buddybadi · wall_segment Palisade Wall x8 |
| 15:26 | buddybadi · wall_segment Palisade Wall x3 |
| 15:29 | buddybadi · wall_segment Palisade Wall x2 |
| 15:48 | buddybadi · wall_segment Palisade Wall x3 |
| 16:32 | buddybadi · wall_segment Palisade Wall x3 |
| 16:34 | twitch.tv/RaiDAoE · wall_segment Palisade Wall x1 |
| 16:37 | twitch.tv/RaiDAoE · wall_segment Palisade Wall x8 |
| 16:40 | twitch.tv/RaiDAoE · wall_segment Palisade Wall x8 |
| 16:54 | buddybadi · first_building Stable |
| 17:19 | twitch.tv/RaiDAoE · wall_segment Palisade Wall x1 |
| 22:04 | buddybadi · age_up castle |
| 22:15 | twitch.tv/RaiDAoE · age_up castle |
| 23:43 | buddybadi · first_building Monastery |
| 27:12 | buddybadi · first_building Siege Workshop |
| 27:35 | twitch.tv/RaiDAoE · first_building Monastery |
| 27:47 | twitch.tv/RaiDAoE · wall_segment Palisade Wall x1 |
| 29:03 | buddybadi · first_market_buy 100 wood |
| 30:03 | twitch.tv/RaiDAoE · first_market_buy 100 wood |
| 34:09 | twitch.tv/RaiDAoE · first_building Castle |
| 34:28 | twitch.tv/RaiDAoE · wall_segment Stone Wall x4 |
| 34:30 | twitch.tv/RaiDAoE · wall_segment Stone Wall x1 |
| 34:34 | buddybadi · first_market_sell 100 food |
| 35:45 | twitch.tv/RaiDAoE · wall_segment Stone Wall x1 |
| 35:47 | twitch.tv/RaiDAoE · wall_segment Stone Wall x1 |
| 36:07 | twitch.tv/RaiDAoE · wall_segment Stone Wall x2 |
| 36:17 | twitch.tv/RaiDAoE · first_market_sell 500 wood |
| 37:19 | twitch.tv/RaiDAoE · first_building Siege Workshop |
| 39:30 | twitch.tv/RaiDAoE · age_up imperial |
| 40:44 | buddybadi · age_up imperial |
| 41:27 | buddybadi · first_building Castle |
| 53:44 | twitch.tv/RaiDAoE · resign |
[ ANÁLISIS IA · 1 CRÉDITO ]
¿Qué pasó realmente en esta partida?
Wolo.gg analiza cada decisión: build order, eco, micro, errores típicos por bracket. Análisis personalizado por WhatsApp o Discord en 30 segundos.
Guía civ
Hunos
Perfil
Jugador #8335776